 Dungeon Crawl Stone Soup version 0.28-a0-1182-g381e24db82 (webtiles) character file.

Game seed: 5101347328380172360

139464 jtrev the Peltast (level 17, -8/148 HPs)
             Began as a Gargoyle Berserker on Dec 16, 2021.
             Was a High Priest of Trog.
             Mangled by a naga warrior (42 damage)
             ... on level 3 of the Snake Pit.
             The game lasted 01:51:55 (32303 turns).

jtrev the Peltast (Gargoyle Berserker)             Turns: 32303, Time: 01:51:56

Health: -8/148     AC: 29    Str: 35    XL:     17   Next: 28%
Magic:  0/17       EV:  7    Int:  9    God:    Trog [*****.]
Gold:   191        SH: 14    Dex:  9    Spells: 16/16 levels left

rFire   + + .      SeeInvis .   c - +1 broad axe (flame)
rCold   . . .      Faith    .   K - +1 kite shield {rF+}
rNeg    + + +      Spirit   +   Q - +2 plate armour {Will+}
rPois   ∞          Reflect  .   m - +1 helmet
rElec   +          Harm     .   A - +2 cloak
rCorr   .          Rampage  .   G - +0 pair of gloves
Will    ++...                   l - +0 pair of boots
Stlth   ..........              V - amulet of guardian spirit
HPRegen 0.34/turn               D - ring of Nyutost {*Corrode rF+ Int+6 Slay+2}
MPRegen 0.15/turn               p - ring "Qepoosih" {+Blink rPois rN+++ Str+6 Int-5}

@: berserking, corroded, flying, constricted, very quick
A: sickness immunity, AC +12, big wings, negative energy resistance 1,
electricity resistance, torment resistance 1, petrification resistance
a: Renounce Religion, Evoke Blink, Berserk, Trog's Hand, Brothers in Arms


You were on level 3 of the Snake Pit.
You worshipped Trog.
Trog was extremely pleased with you.
You visited 6 branches of the dungeon, and saw 25 of its levels.
You also visited: Ossuary and Volcano.

You collected 2221 gold pieces.
You spent 2030 gold pieces at shops.

Inventory:

Hand Weapons
 c - a +1 broad axe of flaming (weapon)
   (You took it off a red draconian in a volcano)
 s - the +6 battleaxe "Caomyz" {vorpal, rElec rF+}
   (You found it on level 2 of the Lair of Beasts)

   It inflicts extra damage upon your enemies.
   rF:        It protects you from fire.
   rElec:     It insulates you from electricity.
 F - the +5 hunting sling "Umegats" {flame, Fly rN+ Will+ Int-2 SInv}
   (You found it on level 1 of the Lair of Beasts)

   Any ammunition fired from it burns those it strikes, dealing additional fire
   damage.
   Int:       It affects your intelligence (-2).
   rN:        It protects you from negative energy.
   SInv:      It lets you see invisible.
   Fly:       It grants you flight.
   Will:      It increases your willpower.
 L - a +2 fustibalus of flaming
   (You found it in a volcano)
Missiles
 g - 176 sling bullets
Armour
 a - a +1 tower shield of positive energy
   (You took it off a naga warrior on level 4 of the Snake Pit)
 k - a +0 tower shield
   (You found it on level 6 of the Lair of Beasts)
 l - a +0 pair of boots (worn)
   (You found it on level 2 of the Dungeon)
 m - a +1 helmet (worn)
   (You took it off Robin on level 3 of the Dungeon)
 A - a +2 cloak (worn)
   (You found it on level 7 of the Dungeon)
 G - a +0 pair of gloves (worn)
   (You found it on level 7 of the Dungeon)
 K - a +1 kite shield of fire resistance (worn)
   (You found it in a volcano)
 Q - a +2 plate armour of willpower (worn)
   (You bought it in a shop on level 2 of the Orcish Mines)
Jewellery
 b - a ring of magical power
   (You found it on level 4 of the Dungeon)
 e - an amulet of regeneration
   (You found it on level 2 of the Dungeon)
 i - a ring of protection from fire
   (You found it on level 4 of the Lair of Beasts)
 p - the ring "Qepoosih" (right hand) {+Blink rPois rN+++ Str+6 Int-5}
   (You bought it in a shop on level 1 of the Snake Pit)

   [ring of strength]

   Str:       It affects your strength (+6).
   Int:       It affects your intelligence (-5).
   rPois:     It protects you from poison.
   rN:        It renders you almost immune to negative energy.
   +Blink:    It lets you blink.
 x - an amulet of magic regeneration
   (You took it off a salamander on level 3 of the Snake Pit)
 y - the ring "Hesih" {rPois Str+4 Int+4 SInv}
   (You found it on level 7 of the Dungeon)

   [ring of poison resistance]

   Str:       It affects your strength (+4).
   Int:       It affects your intelligence (+4).
   rPois:     It protects you from poison.
   SInv:      It lets you see invisible.
 D - the ring of Nyutost (left hand) {*Corrode rF+ Int+6 Slay+2}
   (You bought it in a shop on level 11 of the Dungeon)

   [ring of intelligence]

   Int:       It affects your intelligence (+6).
   Slay:      It affects your accuracy & damage with ranged weapons and melee
   (+2).
   rF:        It protects you from fire.
   *Corrode:  It may corrode you when you take damage.
 O - a ring of willpower
   (You found it on level 3 of the Lair of Beasts)
 V - an amulet of guardian spirit (around neck)
   (You found it on level 6 of the Lair of Beasts)
Wands
 t - a wand of mindburst (15)
   (You found it on level 4 of the Lair of Beasts)
 v - a wand of digging (4)
   (You found it on level 10 of the Dungeon)
 T - a wand of charming (5)
   (You found it on level 5 of the Lair of Beasts)
Scrolls
 f - 5 scrolls of enchant weapon
 h - 2 scrolls of immolation {!r}
 u - 2 scrolls of fear
 w - 2 scrolls of magic mapping {unknown}
 B - 5 scrolls of brand weapon
 C - 2 scrolls of fog
 E - 3 scrolls of blinking
 J - a scroll of vulnerability {!r}
 N - 3 scrolls of teleportation {@r4}
 P - 2 scrolls of acquirement {unknown}
 U - a scroll of summoning {unknown}
Potions
 j - 5 potions of mutation {!q}
 n - 6 potions of haste {@q3}
 o - 3 potions of cancellation
 q - 6 potions of heal wounds {@q2}
 r - 11 potions of curing {@q1}
 H - a potion of invisibility
 I - 2 potions of might
 M - a potion of lignification {!q}
 S - a potion of magic
 W - a potion of resistance


   Skills:
 - Level 8.9 Fighting
 * Level 16.4(17.8) Axes
 - Level 13.0(17.0) Maces & Flails
 - Level 8.5 Armour
 - Level 6.5 Dodging
 - Level 4.1 Stealth
 + Level 17.3 Shields
 + Level 6.9 Evocations


You had 16 spell levels left.
You didn't know any spells.
Your spell library was empty.

Dungeon Overview and Level Annotations

Branches:
Dungeon (11/15)            Temple (1/1) D:6            Lair (6/6) D:10
  Swamp (0/4) Lair:4        Snake (4/4) Lair:3        Slime (1/5) Lair:5
    Orc (2/2) D:10            Elf (0/3) Orc:2       Ossuary (visited)
Volcano (visited)

Altars:
Ashenzari
Cheibriados
Dithmenos
Elyvilon
Fedhas
Gozag
Hepliaklqana
Kikubaaqudgha
Makhleb
Nemelex Xobeh
Okawaru
Qazlal
Ru
Sif Muna
Trog
Uskayaw
Vehumet
Wu Jian
Xom
Yredelemnul
Zin
The Shining One
Beogh
Jiyva

Shops:
D:3 =   D:4 *   D:7 [   D:8 !   D:11 *   Orc:2 (*[!:   Snake:1 =   Snake:4 [?*

Annotations:
D:3 3 runed translucent doors, PerfectHorizon's ghost, weakling DENe; RancidPinata's ghost, amateur GrDe; Sigmund; croobank's ghost, amateur GnAK; ducksouse's ghost, weakling DsGl


Innate Abilities, Weirdness & Mutations

You are immune to sickness and miasma.
Your stone body is resilient. (AC +12)
You are immune to poison.
Your large and strong wings let you fly.
You resist negative energy. (rN+)
You are resistant to electric shocks. (rElec)
You are resistant to unholy torment.
You are immune to petrification.


Message History

You slice the naga!! You burn the naga. You hit the naga warrior.
You burn the naga warrior. You hit the guardian serpent.
You burn the guardian serpent. You hit the nagaraja but do no damage.
The guardian serpent casts a spell at you.
The bolt of poison hits you but does no damage.
You resist.
The bolt of poison hits the naga!
The naga dies!
The naga warrior spits poison at you. You block the splash of poison.
The nagaraja hits you with a +0 spear!! The nagaraja constricts you.
Your corrosive artefact corrodes you!
The nagaraja's grasp on you weakens, but your attempt to escape fails.
The guardian serpent barely misses you. You block the nagaraja's attack.
The nagaraja constricts you.
The naga warrior hits you but does no damage.
The guardian serpent hits you but does no damage.
You escape the nagaraja's grasp.
You block the nagaraja's attack.
Things that are here:
a +0 glaive; a naga corpse The guardian serpent barely misses you.
There is a stone staircase leading up, spattered with blood here.
Items here: ( )) [ ÷.
The nagaraja hits you but does no damage.
The guardian serpent hits you but does no damage.
The nagaraja hits you but does no damage.
You fly upwards.
There is a stone staircase leading down here.
You see here a +4 antimagic demon whip.
You slash the naga warrior! You burn the naga warrior.
You closely miss the guardian serpent. The guardian serpent hits you!
* * * LOW HITPOINT WARNING * * *
The naga warrior hits you with a +0 dire flail!!
* * * LOW HITPOINT WARNING * * *
Your corrosive artefact corrodes you!
The naga warrior grabs you. The naga warrior constricts you.
A red film seems to cover your vision as you go berserk!
You feel yourself moving faster!
You feel mighty!
You block the guardian serpent's attack.
The guardian serpent coils itself and waves its upper body at you.
The bolt of poison hits you but does no damage.
You resist. You block the naga warrior's attack.
The naga warrior constricts you.
* * * LOW HITPOINT WARNING * * *
You slice the naga warrior!! You burn the naga warrior!
You closely miss the guardian serpent.
You block the guardian serpent's attack.
Unknown command.
You slice the naga warrior!! You burn the naga warrior.
You hit the guardian serpent but do no damage.
The naga warrior hits you with a +0 dire flail!!!
You die...

##..####.# ##### #...#
####..#.....# ##...#
#...<.))#...# ######....#
.....^###...# #......####
#####)###...# #....)[#
#....#### #....).# ### #....#
######..#.).# ..###....#
#N...#.###.## ..##....##
#@S....#...#
..#.....########![..###...#
....#.....##........###...#
....###...............###.##
....###...##..........##...##
###.[.)..#####........##....#
#.).##### ##########.....# ##
##..<# ##### ##..#...# #.
..).## #...# #..##...####.


You could see a naga warrior (strong) and a guardian serpent.

Vanquished Creatures
  Gastronok (Lair:2)
  7 nagarajas
  An orc warlord (Orc:2)
  The ghost of Mysukhlell the Transmogrifier, a journeyman DrTm of Uskayaw (Lair:5)
  A red draconian (Volcano)
  A fire dragon (Lair:6)
  3 hydras
  4 salamander tyrants
  12 naga warriors
  A centaur warrior (D:10)
  15 anacondas
  8 two-headed ogres
  An ogre mage (Volcano)
  2 catoblepae
  9 death yaks
  5 orc high priests
  9 naga sharpshooters
  Urug (Lair:2)
  5 shock serpents
  A fire crab (Lair:6)
  6 salamander mystics
  11 naga ritualists
  A necromancer (D:11)
  24 salamanders
  6 mana vipers
  An ugly thing (D:8)
  A cyclops (D:11)
  2 manticores
  Joseph (D:7)
  40 black mambas
  5 elephants (Lair:5)
  5 guardian serpents
  A gargoyle (D:11)
  11 cane toads
  A torpor snail (Lair:6)
  14 naga magi
  5 molten gargoyles
  An unseen horror (D:8)
  A rime drake (Lair:2)
  A kobold demonologist (D:11)
  11 komodo dragons
  2 trolls
  A hornet (D:7)
  Grinder (D:3)
  A polar bear (Lair:1)
  6 blink frogs
  Prince Ribbit (D:7)
  2 dream sheep (Lair:6)
  A slime creature (D:7)
  A wraith (D:6)
  2 fire bats (Volcano)
  29 yaks
  9 wyverns
  3 steam dragons
  13 vampire mosquitoes
  4 basilisks
  2 swamp worms (Lair:4)
  11 wargs
  Menkaure (D:7)
  42 nagas
  19 water moccasins
  An acid dragon (D:11)
  3 hell hounds (Lair:6)
  14 orc warriors
  2 sky beasts
  An ice beast (D:6)
  A hornet zombie (D:7)
  3 necrophages
  11 ogres
  12 wolves (Lair:1)
  A centaur (D:9)
  2 phantoms
  3 kobold brigands
  6 bullfrogs
  A gnoll sergeant (D:5)
  2 scorpions (D:5)
  3 water moccasin skeletons
  A wyvern skeleton (D:7)
  3 killer bees (D:9)
  4 wights (D:9)
  2 electric eels
  6 howler monkeys
  3 centaur zombies
  A bullfrog zombie (D:7)
  9 lava snakes
  2 bullfrog skeletons
  2 centaur skeletons
  A human zombie (Ossuary)
  40 orc priests
  2 gnoll shamans
  4 hounds
  A jelly (D:8)
  Jessica (D:3)
  4 iguanas
  Terence (D:3)
  13 orc wizards
  A hell rat (D:10)
  A polar bear simulacrum (D:11)
  A killer bee zombie (D:8)
  8 wolf simulacra (D:11)
  A hound skeleton (D:4)
  2 mummies (Ossuary)
  Robin (D:3)
  2 howler monkey zombies
  7 adders
  7 gnolls
  2 shadow imps
  An ufetubus (D:5)
  2 adder skeletons
  3 adder zombies (Ossuary)
  A worm (D:2)
  A dart slug (D:3)
  66 orcs
  3 ball pythons
  6 bats
  8 endoplasms
  12 goblins
  7 hobgoblins
  2 jackals (D:4)
  8 kobolds
  2 quokkas
  4 frilled lizards
  A goblin zombie (Ossuary)
  8 hobgoblin zombies (Ossuary)
  3 jackal zombies (Ossuary)
  10 kobold zombies (Ossuary)
  10 orc zombies (Ossuary)
  7 rats
  A rat zombie (Ossuary)
  2 river rat simulacra (D:11)
755 creatures vanquished.

Vanquished Creatures (collateral kills)
  A salamander tyrant (Snake:4)
  3 naga sharpshooters
  A naga ritualist (Snake:3)
  2 black mambas (Snake:3)
  2 guardian serpents (Snake:4)
  A naga mage (Snake:4)
  2 yaks (Lair:2)
  2 wargs
  2 nagas (Snake:2)
  2 water moccasins (Lair:1)
  3 wolves (Lair:1)
  A bullfrog (Lair:1)
  A hound (Lair:1)
  2 orcs (Orc:2)
25 creatures vanquished.

Vanquished Creatures (others)
  A wizard (D:5)
  A naga (Snake:4)
  2 orcs
  12 fungi
  28 plants
  2 withered plants (D:3)
46 creatures vanquished.

Grand Total: 826 creatures vanquished

Notes
Turn   | Place    | Note
-------+----------+-------------------------------------------
     0 | D:1      | jtrev the Gargoyle Berserker began the quest for the Orb.
     0 | D:1      | Reached XP level 1. HP: 14/14 MP: 1/1
   421 | D:1      | Reached XP level 2. HP: 15/19 MP: 2/2
   515 | D:1      | Found a faded altar of an unknown god.
  1547 | D:2      | Reached skill level 1 in Shields
  1547 | D:2      | Reached XP level 3. HP: 18/23 MP: 3/3
  1888 | D:3      | Noticed Sigmund
  1919 | D:3      | Noticed Robin
  1979 | D:3      | Killed Robin
  1980 | D:3      | Reached XP level 4. HP: 28/28 MP: 4/4
  1980 | D:3      | Found a hazy altar of Hepliaklqana.
  2137 | D:3      | Found Fagusa's Jewellery Boutique.
  2141 | D:3      | Noticed Terence
  2164 | D:3      | Killed Terence
  2334 | D:3      | Reached skill level 2 in Shields
  2370 | D:3      | Noticed Grinder
  2391 | D:3      | Killed Grinder
  2392 | D:3      | Reached skill level 3 in Shields
  2392 | D:3      | Reached XP level 5. HP: 32/32 MP: 5/5
  2392 | D:3      | Reached XP level 6. HP: 37/37 MP: 6/6
  2438 | D:3      | Found a runed translucent gate.
  2439 | D:3      | Found a runed translucent gate.
  2439 | D:3      | Found a runed translucent gate.
  2441 | D:3      | Noticed ducksouse's ghost (weakling DsGl)
  2441 | D:3      | Noticed PerfectHorizon's ghost (weakling DENe)
  2441 | D:3      | Noticed croobank's ghost (amateur GnAK)
  2441 | D:3      | Noticed RancidPinata's ghost (amateur GrDe)
  2493 | D:3      | Noticed Jessica
  2504 | D:3      | Killed Jessica
  2516 | D:3      | Found a glowing golden altar of the Shining One.
  3132 | D:4      | Reached skill level 4 in Shields
  3132 | D:4      | Reached XP level 7. HP: 40/41 MP: 7/7
  3252 | D:4      | Reached ** piety under Trog
  3419 | D:4      | Found Onioma Osto's Assorted Antiques.
  3599 | D:5      | Entered Level 5 of the Dungeon
  3772 | D:5      | Found a bloodstained altar of Trog.
  3775 | D:5      | Noticed a wizard
  3780 | D:5      | Killed a wizard
  3810 | D:5      | Reached skill level 5 in Shields
  3820 | D:5      | Noticed an unseen horror
  3821 | D:5      | Noticed a two-headed ogre
  3873 | D:5      | Reached XP level 8. HP: 46/46 MP: 8/8
  4444 | D:6      | Reached skill level 6 in Shields
  4469 | D:6      | Found a staircase to the Ecumenical Temple.
  4656 | D:6      | Found a sand-covered staircase.
  4665 | Ossuary  | Entered an ossuary
  4864 | Ossuary  | Reached *** piety under Trog
  5300 | D:7      | Noticed Joseph
  5300 | D:7      | Noticed a wraith
  5342 | D:6      | Reached XP level 9. HP: 17/51 MP: 9/9
  5348 | D:6      | Reached skill level 10 in Maces & Flails
  5348 | D:6      | Reached skill level 7 in Shields
  5507 | D:7      | Killed Joseph
  5551 | D:7      | Found Ocku's Antique Armour Shoppe.
  5693 | D:7      | Noticed a manticore
  5712 | D:7      | Killed a manticore
  5795 | D:7      | Noticed Menkaure
  5806 | D:7      | Killed Menkaure
  5807 | D:7      | Reached skill level 8 in Shields
  5819 | D:7      | Noticed a two-headed ogre
  5849 | D:7      | Killed a two-headed ogre
  5850 | D:7      | Reached XP level 10. HP: 35/56 MP: 10/10
  5918 | D:7      | Noticed Prince Ribbit
  5932 | D:7      | Killed Prince Ribbit
  6259 | D:7      | Reached skill level 9 in Shields
  6315 | D:7      | Identified the ring "Hesih" {rPois Str+4 Int+4 SInv}
  6437 | Temple   | Entered the Ecumenical Temple
  6697 | D:8      | Noticed a red ugly thing
  6706 | D:8      | Killed a red ugly thing
  7067 | D:8      | Reached **** piety under Trog
  7200 | D:8      | Noticed an unseen horror
  7218 | D:8      | Killed an unseen horror
  7637 | D:8      | Found Zoqeas's Distillery.
  7844 | D:9      | Reached skill level 10 in Shields
  7898 | D:9      | Noticed a two-headed ogre
  7917 | D:9      | Killed a two-headed ogre
  7918 | D:9      | Reached XP level 11. HP: 17/62 MP: 11/11
  8265 | D:9      | Found an opulent altar of Gozag.
  8741 | D:10     | Entered Level 10 of the Dungeon
  8741 | D:10     | Noticed a death yak
  8741 | D:10     | Noticed a death yak
  8741 | D:10     | Noticed a two-headed ogre
  8773 | D:10     | Noticed a centaur warrior
  8835 | D:10     | Killed a centaur warrior
  8836 | D:10     | Reached skill level 5 in Fighting
  8934 | D:10     | You are sucked into a shaft and drop 1 floor!
  8994 | D:11     | Noticed a manticore
  9000 | D:11     | Killed a manticore
  9017 | D:11     | Reached skill level 5 in Armour
  9038 | D:11     | Noticed a cyclops
  9047 | D:11     | Killed a cyclops
  9134 | D:11     | Identified the +4 trident "Etwuruirph" {protect, Fragile
                  | +Blink rElec}
  9204 | D:11     | Found Xuihi Emasi's Assorted Antiques.
  9204 | D:11     | Noticed a two-headed ogre
  9220 | D:11     | Killed a two-headed ogre
  9329 | D:11     | Bought a heavily runed tin ring for 170 gold pieces
  9329 | D:11     | Identified the ring of Nyutost {*Corrode rF+ Int+6 Slay+2}
                  | (You bought it in a shop on level 11 of the Dungeon)
  9514 | D:11     | Noticed a soul eater
  9519 | D:11     | Reached skill level 11 in Shields
  9860 | D:11     | Noticed a necromancer
  9879 | D:11     | Killed a necromancer
 10027 | D:10     | Killed a two-headed ogre
 10067 | D:11     | Reached XP level 12. HP: 42/71 MP: 12/12
 10181 | D:10     | Reached skill level 5 in Dodging
 10200 | D:10     | Found a staircase to the Lair.
 10369 | D:10     | Found a staircase to the Orcish Mines.
 10401 | D:10     | Noticed a death yak
 10434 | D:11     | Killed a death yak
 10482 | D:11     | Killed a death yak
 10537 | D:10     | Killed a death yak
 10734 | Lair:1   | Entered Level 1 of the Lair of Beasts
 10845 | Lair:1   | Reached skill level 12 in Shields
 10877 | Lair:1   | Identified the +5 hunting sling "Umegats" {flame, Fly rN+
                  | Will+ Int-2 SInv}
 10909 | Lair:1   | Found a dark tunnel.
 10918 | Volcano  | Entered a volcano
 11260 | Volcano  | Found a radiant altar of Vehumet.
 11260 | Volcano  | Noticed a two-headed ogre
 11260 | Volcano  | Noticed a two-headed ogre
 11260 | Volcano  | Noticed an ogre mage
 11260 | Volcano  | Noticed a two-headed ogre
 11274 | Volcano  | Killed a two-headed ogre
 11278 | Volcano  | Killed an ogre mage
 11282 | Volcano  | Killed a two-headed ogre
 11286 | Volcano  | Killed a two-headed ogre
 11392 | Volcano  | Noticed a red draconian
 11416 | Volcano  | Killed a red draconian
 11548 | Volcano  | Noticed a two-headed ogre
 11558 | Volcano  | Killed a two-headed ogre
 11596 | Volcano  | Reached XP level 13. HP: 57/80 MP: 13/13
 11705 | Lair:1   | Reached skill level 1 in Axes
 12230 | Lair:2   | Reached skill level 13 in Shields
 12354 | Lair:2   | Identified the +6 battleaxe "Caomyz" {vorpal, rElec rF+}
 12539 | Lair:2   | Noticed Gastronok
 12582 | Lair:2   | Killed Gastronok
 12914 | Lair:2   | Noticed Urug
 12931 | Lair:2   | Killed Urug
 13380 | Lair:3   | Reached skill level 5 in Axes
 13454 | Lair:2   | Reached skill level 14 in Shields
 13845 | Lair:3   | Found a staircase to the Snake Pit.
 14802 | Lair:3   | Gained mutation: Your large and strong wings let you fly.
                  | [Gargoyle growth]
 14802 | Lair:3   | Reached XP level 14. HP: 84/84 MP: 14/14
 14824 | Snake:1  | Entered Level 1 of the Snake Pit
 15195 | Lair:4   | Reached skill level 15 in Shields
 15569 | Lair:4   | Found a staircase to the Swamp.
 16071 | Lair:5   | Found a runed translucent door.
 16071 | Lair:5   | Noticed Mysukhlell's ghost (journeyman DrTm)
 16072 | Lair:5   | Found a viscous altar of Jiyva.
 16072 | Lair:5   | Found a staircase to the Slime Pits.
 16346 | Lair:5   | Identified the +1 leather armour "Fikosm" {*Slow Fly rCorr}
 16840 | Lair:5   | Killed Mysukhlell's ghost
 16872 | Slime:1  | Entered Level 1 of the Pits of Slime
 16872 | Slime:1  | Noticed an azure jelly
 16904 | Lair:6   | Entered Level 6 of the Lair of Beasts
 17451 | Lair:6   | Reached ***** piety under Trog
 17481 | Lair:6   | Reached skill level 10 in Axes
 17915 | Lair:6   | Found a large runed translucent door.
 17915 | Lair:6   | Found a large runed translucent door.
 18448 | Orc:1    | Entered Level 1 of the Orcish Mines
 18645 | Orc:1    | Received a gift from Trog
 19069 | Orc:2    | Entered Level 2 of the Orcish Mines
 20044 | Orc:2    | HP: 5/126 [orc priest/divine providence (9)]
 20442 | Orc:2    | Found Wealuik's Weapon Emporium.
 20442 | Orc:2    | Found Vuoge's Assorted Antiques.
 20629 | Orc:2    | Found a staircase to the Elven Halls.
 20737 | Orc:2    | Received a gift from Trog
 20783 | Orc:2    | Found Picen's Self-Improvement Boutique.
 21021 | Orc:2    | Reached XP level 15. HP: 51/89 MP: 9/15
 21244 | Orc:2    | Found Iklel's Armour Emporium.
 21244 | Orc:2    | Found Qonoidit's Distillery.
 21254 | Orc:2    | Noticed an orc warlord
 21783 | Orc:2    | Killed an orc warlord
 22079 | Orc:2    | Bought a +2 plate armour of willpower for 640 gold pieces
 22529 | Snake:1  | Found Buremes's Jewellery Shop.
 22547 | Snake:1  | Reached skill level 1 in Stealth
 23947 | Snake:1  | Received a gift from Trog
 24206 | Snake:1  | Bought the ring "Qepoosih" {+Blink rPois rN+++ Str+6 Int-5}
                  | for 1220 gold pieces
 24491 | Snake:2  | Reached skill level 1 in Evocations
 26506 | Snake:3  | Reached XP level 16. HP: 55/95 MP: 8/16
 26518 | Snake:3  | Reached skill level 16 in Shields
 27207 | Snake:3  | Noticed a nagaraja
 27242 | Snake:3  | Killed a nagaraja
 27702 | Snake:3  | Received a gift from Trog
 28424 | Snake:3  | Reached skill level 15 in Axes
 28780 | Snake:4  | Entered Level 4 of the Snake Pit
 28831 | Snake:4  | Noticed a nagaraja
 28920 | Snake:3  | Reached skill level 5 in Evocations
 30422 | Snake:4  | Found Tianiw's Antique Armour Shop.
 30426 | Snake:4  | Found Xocs's Magic Scroll Boutique.
 30427 | Snake:4  | Found Soas's General Store.
 30820 | Snake:4  | Reached skill level 17 in Shields
 30930 | Snake:4  | Killed a nagaraja
 30953 | Snake:4  | Noticed a nagaraja
 30992 | Snake:4  | Killed a nagaraja
 30993 | Snake:4  | Reached XP level 17. HP: 90/99 MP: 15/17
 31969 | Snake:3  | Received a gift from Trog
 32303 | Snake:3  | Mangled by a naga warrior

Illustrated notes

Levels and vault maps discovered:
D:1:      wander_arrival_chamber, layout_basic,
          shapermc_ecumenical_altar_rom_forum, corexii_item_surrounded_by_moat
D:2:      layout_rooms
D:3:      layout_rooms, mainiacjoe_overflow_brackets,
          mainiacjoe_overflow_concentric_impassable, serial_shops,
          nicolae_shop_crystal, gammafunk_ghost_cemetery,
          minmay_fractal_squares_gapless_5, uniq_jessica, uniq_terence,
          uniq_grinder, uniq_sigmund, uniq_robin
D:4:      kennysheep_spiral_hall, layout_basic, serial_shops,
          nicolae_shop_temple_entry_statues_fountains
D:5:      layout_gridville, trog_wizard, lightli_corner_chamber
D:6:      layout_loops_ring, minmay_temple_entry_from_below_a, enter_ossuary_1
D:7:      minmay_clustersquares, layout_cave_pools, serial_shops,
          nicolae_shop_stone, kennysheep_flooded_box, uniq_joseph,
          uniq_prince_ribbit1, uniq_menkaure
D:8:      layout_loops_cross, serial_shops, nicolae_shop_behind_doors,
          kennysheep_island_fort
D:9:      layout_irregular_city, nicolae_gozag_cash_rules_everything_around_me
D:10:     layout_rooms, dpeg_lair_monsters
D:11:     layout_roguey, serial_shops, shop, eino_house_with_fridge
Temple:   eino_narrow_crystal_temple
Lair:1:   beast_lair_carwin_large_4, layout_misc_corridors,
          nicolae_volcano_entry_lava_flow
Lair:2:   layout_regular_city, uniq_urug, uniq_gastronok
Lair:3:   layout_cave_pods, minmay_snake_entry_six_corridors, minmay_holes
Lair:4:   layout_cave_shapes, nicolae_swamp_entry_splash_gauntlet, minivault_11
Lair:5:   layout_roguey, slime_altar_1, hellmonk_ghost_happy_afterlife,
          serial_bayou_pond_e, serial_bayou_shore_a, uniq_rupert
Lair:6:   cheibrodos_lair_end_hotspot, layout_regular_city
Snake:1:  layout_chambers, serial_shops, shop
Snake:2:  layout_chambers, eino_curves_03
Snake:3:  layout_misc_corridors
Snake:4:  snake_hunt, layout_chambers, library_closet, minmay_shop_star,
          grunt_megastairs_1
Slime:1:  layout_caves
Orc:1:    layout_diamond_mine
Orc:2:    st_orc_town, layout_caves, nicolae_shop_self_help

Skill      XL: |  1  2  3  4  5  6  7  8  9 10 11 12 13 14 15 16 17 |
---------------+----------------------------------------------------+-----
Maces & Flails | 4 6 8 9 11 13 | 13.0
Shields        | 1 3 4 5 6 8 10 11 12 14 15 17 | 17.3
Dodging        | 2 4 6 |  6.5
Fighting       | 4 6 8 |  8.9
Armour         | 3 6 8 |  8.5
Axes           | 6 12 14 15 16 | 16.4
Stealth        | 4 |  4.1
Evocations     | 3 6 |  6.9

Action                   |  1- 3 |  4- 6 |  7- 9 | 10-12 | 13-15 | 16-18 || total
-------------------------+-------+-------+-------+-------+-------+-------++-------
Melee: Mace              |    92 |   123 |   431 |   919 |  1588 |       ||  3153
       Broad axe         |       |       |       |       |   379 |   668 ||  1047
Invok: Berserk           |     1 |     4 |     3 |     6 |     3 |     4 ||    21
       Trog's Hand       |       |       |     2 |     1 |     1 |       ||     4
       Brothers in Arms  |       |       |       |     2 |     3 |     2 ||     7
  Use: Scroll            |       |       |    12 |     4 |     8 |     2 ||    26
       Potion            |       |       |     1 |     1 |     3 |     1 ||     6
 Stab: Distracted        |       |       |       |       |     1 |     3 ||     4
Armor: Animal skin       |    20 |       |       |       |       |       ||    20
       Leather armour    |    25 |    29 |       |       |       |       ||    54
       Chain mail        |       |   109 |   310 |   563 |   643 |       ||  1625
       Plate armour      |       |       |       |       |   205 |   324 ||   529
Dodge: Dodged            |    58 |   101 |   196 |   329 |   530 |   197 ||  1411
Block: Kite shield       |       |       |       |   450 |  1158 |   445 ||  2053

Table legend: (Time is in decaauts)
 A = Elapsed time spent in this place.
 B = Non-inter-level travel time spent in this place.
 C = Inter-level travel time spent in this place.
 D = Time resting spent in this place.
 E = Time spent auto-exploring this place.
 F = Levels seen in this place.
 G = Mean time per level.
                   A        B        C        D        E       F      G
               +--------+--------+--------+--------+--------+-----+--------+
         Total |  31771 |  29787 |   1984 |   5995 |  15949 |  27 | 1176.7 |
       Dungeon |  10323 |   9534 |    789 |   1359 |   5336 |  11 |  938.5 |
        Temple |    217 |    205 |     12 |      0 |    194 |   1 |  217.0 |
          Lair |   6741 |   6099 |    642 |    236 |   4156 |   6 | 1123.5 |
     Snake Pit |   9616 |   9245 |    371 |   2832 |   4726 |   4 | 2404.0 |
    Slime Pits |      1 |      1 |      0 |      0 |      0 |   1 |    1.0 |
  Orcish Mines |   3801 |   3631 |    170 |   1390 |   1308 |   2 | 1900.5 |
       Ossuary |    325 |    325 |      0 |      0 |      5 |   1 |  325.0 |
       Volcano |    744 |    744 |      0 |    178 |    224 |   1 |  744.0 |
               +--------+--------+--------+--------+--------+-----+--------+

Top non-repeatable levels by time:
 Snake:3: 3507 daAuts
 Snake:2: 2325 daAuts
 Snake:4: 2041 daAuts
   Orc:1: 1982 daAuts
   Orc:2: 1818 daAuts
 Snake:1: 1741 daAuts
  Lair:3: 1352 daAuts
  Lair:6: 1262 daAuts
  Lair:2: 1198 daAuts
    D:11: 1166 daAuts
     D:1: 1153 daAuts
  Lair:4: 1118 daAuts
     D:9: 1069 daAuts
     D:8: 1017 daAuts
     D:7: 991 daAuts
